 Dungeon Crawl Stone Soup version 0.32-a0-900-g30fb1b0edc (webtiles) character file.

Game seed: 9748299250454757373

7755 Shayle the Agnostic (level 11, -3/99 HPs)
             Began as a Mountain Dwarf Monk on Apr 5, 2024.
             Slain by a torpor snail (14 damage)
             ... on level 1 of the Lair of Beasts.
             The game lasted 00:37:10 (9751 turns).

Shayle the Agnostic (Mountain Dwarf Monk)           Turns: 9751, Time: 00:37:11

Health: -3/99      AC: 17    Str: 24 (25) XL:     11   Next: 0%
Magic:  19/19      EV: 11    Int:  9 (10) God:
Gold:   100        SH:  0    Dex:  8 (11) Spells: 10/10 levels left

rFire   + + +        h - +7 spear of World's End {protect, *Noise rF+++ Str+3}
rCold   + . .        (no shield)
rNeg    . . .        D - +1 ring mail {rF+}
rPois   +            (no helmet)
rElec   .            (no cloak)
rCorr   .            m - +1 pair of gloves
SInv    .            c - +0 pair of boots
Will    +....        (no amulet) Stlth
                     p - ring of protection from cold
HPRegen 0.36/turn    z - ring of protection from fire
MPRegen 0.16/turn

%: no passive effects
@: under a protective aura, slowed, very slow
A: runic magic, artefact enchanting, poison resistance, shaggy fur 1, strong 1,
noise suppression
a: no special abilities


You were on level 1 of the Lair of Beasts.
You visited 3 branches of the dungeon, and saw 11 of its levels.

You collected 396 gold pieces.
You spent 296 gold pieces at shops.

Inventory:

Hand Weapons
 f - a +1 mace of chaos
 h - the +7 spear of World's End (weapon) {protect, *Noise rF+++ Str+3}
   (You found it on level 3 of the Dungeon)

   Str+3:     It affects your strength (+3).
   rF+++:     It renders you almost immune to fire.
   *Noise:    It may make a loud noise when swung.
 n - a +2 vampiric demon blade
 B - the +3 dire flail "Hygokerr" {antimagic, Dex+5}
   (You found it on level 6 of the Dungeon)

   Dex+5:     It affects your dexterity (+5).
 C - a +2 trident of draining
 F - a +0 spectral broad axe
Armour
 b - a +0 robe
 c - a +0 pair of boots (worn)
 d - an orb of light
 m - a +1 pair of gloves (worn)
 y - a +0 scale mail
 D - a +1 ring mail of fire resistance (worn)
Jewellery
 p - a ring of protection from cold (left hand)
 z - a ring of protection from fire (right hand)
Wands
 w - a wand of iceblast (11)
 A - a wand of polymorph (3)
 G - a wand of charming (2)
Scrolls
 a - a scroll of poison {unknown}
 e - 3 scrolls of fog
 i - 6 scrolls of immolation
 q - 3 scrolls of teleportation
 u - 2 scrolls of torment
 H - a scroll of amnesia
 K - 2 scrolls of vulnerability
Potions
 k - 2 potions of haste
 o - a potion of magic
 t - 3 potions of enlightenment


   Skills:
 + Level 10.0 Fighting
 + Level 10.8 Axes
 + Level 6.9 Dodging
 + Level 11.0 Invocations


You had 10 spell levels left.
You didn't know any spells.
Your spell library contained the following spells:

 Spells                   Type           Power      Damage    Failure   Level
 Apportation              Tloc           0%         N/A       41%         1
 Necrotise                Necr           0%         1d4       41%         1
 Sandblast                Erth           0%         2d4       41%         1
 Sting                    Conj/Alch      0%         1d3       41%         1
 Summon Small Mammal      Summ           0%         N/A       41%         1
 Scorch                   Fire           0%         2d5       56%         2
 Stone Arrow              Conj/Erth      0%         3d7       80%         3
 Animate Dead             Necr           0%         N/A       99%         4
 Brom's Barrelling Bould  Conj/Erth      0%         2d3       99%         4
 Flame Wave               Conj/Fire      0%         2d4       99%         4
 Borgnjor's Vile Clutch   Necr/Erth      0%         N/A       100%        5
 Death Channel            Necr           0%         N/A       100%        6
 Summon Cactus Giant      Summ           0%         N/A       100%        6


Dungeon Overview and Level Annotations

Branches:
Dungeon (9/15)             Temple (1/1) D:7            Lair (1/5) D:8
    Orc: D:9-12

Altars:
Ashenzari
Cheibriados
Dithmenos
Elyvilon
Hepliaklqana
Kikubaaqudgha
Makhleb
Nemelex Xobeh
Okawaru
Qazlal
Ru
Sif Muna
Trog
Uskayaw
Vehumet
Wu Jian
Yredelemnul
Zin
The Shining One

Shops:
D:3 :   D:7 *   D:8 (

Annotations:
D:3 3 runed translucent doors, AvisFlyer's ghost, amateur TrEE


Innate Abilities, Weirdness & Mutations

Your spellcasting is much less encumbered by armour.
You can use scrolls of enchantment on lesser artefacts.
Your system is resistant to poisons. (rPois)
You are covered in fur. (AC +1)
Your muscles are strong. (Str +4, Int/Dex -1)
You passively dampen the noise of your surroundings.


Message History

The yak gores you.
* * * LOW HITPOINT WARNING * * *
You puncture the yak!
You kill the yak!
You feel yourself speed up.
Being near the torpor snail leaves you feeling lethargic.
You feel less attractive to monsters.
Your Fighting skill increases to level 10!
You have reached level 11!
You hit the torpor snail.
The torpor snail is moderately wounded.
You feel yourself speed up. The torpor snail bites you!
* * * LOW HITPOINT WARNING * * *
Being near the torpor snail leaves you feeling lethargic.
You hit the torpor snail.
The torpor snail is moderately wounded.
You feel yourself speed up. The torpor snail bites you.
* * * LOW HITPOINT WARNING * * *
Being near the torpor snail leaves you feeling lethargic.
Aiming: Charm
Press: ? - help, Shift-Dir - straight line, f/p - torpor snail
Aim: a torpor snail (moderately wounded, chance to affect: 7%)
The torpor snail resists with almost no effort.
The water moccasin hisses angrily.
You feel less wooden.
Your +1 pair of gloves unmelds from your body.
Your +0 pair of boots unmelds from your body.
Your +1 ring mail of fire resistance unmelds from your body.
You feel resistant to fire.
The torpor snail bites you but does no damage.
You hit the torpor snail.
The torpor snail is heavily wounded.
Okay, then.
Okay, then.
You hit the torpor snail.
The torpor snail is heavily wounded.
The torpor snail bites you!
You die...

.#...#P.#.$..#.......
.#©................#
.#....#.#...Y#.....#
##......#.....#...#
#..#....##†.Y##)..# #
...#....#.........#.#..#
. #.......~~~...S......#
#.#...<...~~~.##w##.#..
..........~#~.##@#
..........~~~...........
.##..P.?......###.#.....
....#PP.#.[...# .# ....
..............# .# ...
...............# .# ..
....P.#.P.......... .
........P.....#.#..
P#.##.........S.#


You could see a torpor snail and a water moccasin.

Vanquished Creatures
  Pikel (D:6)
  A cane toad (Lair:1)
  Jeremiah (D:6)
  A troll (D:8)
  A hornet (D:7)
  Grinder (D:5)
  Sigmund (D:6)
  13 yaks
  4 wyverns
  Eustachio (D:5)
  A golden eye (D:8)
  Menkaure (D:4)
  A water moccasin (D:7)
  2 sky beasts
  3 ice beasts
  A black bear (D:6)
  3 ogres
  2 centaurs
  3 wolves (D:8)
  A lemure (D:6)
  A kobold brigand (D:8)
  2 bullfrogs
  A scorpion (D:4)
  7 killer bees
  A howler monkey (D:8)
  2 electric eels (D:8)
  4 jellies
  3 bombardier beetles (D:5)
  3 hounds
  An iguana (D:5)
  2 sleepcaps
  5 orc wizards
  8 adders
  9 gnolls
  3 shadow imps
  2 dart slugs
  3 ribbon worms
  15 orcs
  6 ball pythons
  6 bats
  8 endoplasms
  7 giant cockroaches
  6 goblins
  10 hobgoblins
  4 quokkas
  8 frilled lizards
  9 kobolds
  10 rats
189 creatures vanquished.

Vanquished Creatures (collateral kills)
  A torpor snail (D:8)
  An orc warrior (D:8)
  2 orcs (D:8)
4 creatures vanquished.

Vanquished Creatures (others)
  A howler monkey (D:9)
1 creature vanquished.

Grand Total: 194 creatures vanquished

Notes
Turn   | Place    | Note
-------+----------+-------------------------------------------
     0 | D:1      | Shayle the Mountain Dwarf Monk began the quest for the Orb.
     0 | D:1      | Reached XP level 1. HP: 19/19 MP: 1/1
   177 | D:1      | Reached XP level 2. HP: 25/26 MP: 2/2
   235 | D:1      | Reached skill level 1 in Invocations
   756 | D:2      | Reached XP level 3. HP: 33/33 MP: 4/4
   978 | D:2      | Reached skill level 2 in Invocations
  1176 | D:2      | HP: 1/33 [ribbon worm (8)]
  1318 | D:2      | Noticed an ogre
  1361 | D:2      | Reached XP level 4. HP: 33/40 MP: 5/5
  1612 | D:3      | Identified the +7 spear of World's End {protect, *Noise
                  | rF+++ Str+3}
  1690 | D:3      | Found a runed translucent gate.
  1690 | D:3      | Found a runed translucent gate.
  1690 | D:3      | Found a runed translucent gate.
  1692 | D:3      | Noticed AvisFlyer's ghost (amateur TrEE)
  1733 | D:3      | Found Laal Xic's Book Shop.
  1888 | D:2      | Killed an ogre
  1889 | D:2      | Reached skill level 3 in Invocations
  1889 | D:2      | Reached XP level 5. HP: 47/47 MP: 7/7
  2005 | D:2      | Reached skill level 5 in Axes
  2769 | D:3      | Found a faded altar of an unknown god.
  2985 | D:4      | Found an ornate altar of the Wu Jian Council.
  3138 | D:4      | Found a burning altar of Makhleb.
  3139 | D:4      | Found a shimmering blue altar of Sif Muna.
  3176 | D:4      | Noticed an ogre
  3184 | D:4      | Killed an ogre
  3185 | D:4      | Reached XP level 6. HP: 55/55 MP: 8/8
  3191 | D:4      | Reached skill level 4 in Invocations
  3394 | D:4      | Noticed Menkaure
  3396 | D:4      | Killed Menkaure
  3397 | D:4      | Reached skill level 5 in Fighting
  3579 | D:4      | Reached XP level 7. HP: 61/61 MP: 10/10
  3699 | D:5      | Entered Level 5 of the Dungeon
  3802 | D:4      | Reached skill level 5 in Invocations
  4212 | D:5      | Noticed Eustachio
  4238 | D:5      | Killed Eustachio
  4329 | D:6      | Noticed Pikel
  4353 | D:6      | Killed Pikel
  4354 | D:6      | Reached skill level 6 in Invocations
  4354 | D:6      | Reached XP level 8. HP: 66/71 MP: 12/12
  4512 | D:6      | Reached skill level 7 in Invocations
  4593 | D:6      | Identified the +3 dire flail "Hygokerr" {antimagic, Dex+5}
  4597 | D:6      | Noticed Jeremiah
  4603 | D:6      | Killed Jeremiah
  4795 | D:5      | Reached skill level 5 in Dodging
  4795 | D:5      | Reached XP level 9. HP: 78/79 MP: 14/14
  4801 | D:5      | Noticed Grinder
  4816 | D:5      | Killed Grinder
  5296 | D:6      | Noticed Sigmund
  5301 | D:6      | Killed Sigmund
  5430 | D:7      | Found Bcosk's Bounteous Boutique.
  5435 | D:7      | Reached skill level 8 in Invocations
  5441 | D:7      | Bought a +0 broad axe for 64 gold pieces
  5441 | D:7      | Bought a potion of heal wounds for 80 gold pieces
  6205 | D:7      | Paralysed by a hornet for 1 turns
  6216 | D:7      | Paralysed by a hornet for 2 turns
  6375 | D:7      | Found a staircase to the Ecumenical Temple.
  6385 | Temple   | Entered the Ecumenical Temple
  6754 | D:8      | Reached skill level 9 in Invocations
  6806 | D:8      | Found Kyphidghi's Weapon Boutique.
  6879 | D:7      | Bought a scroll of brand weapon for 152 gold pieces
  6917 | D:7      | Reached XP level 10. HP: 29/90 MP: 15/17
  7443 | D:8      | Found an ancient bone altar of Kikubaaqudgha.
  7449 | D:8      | Found a sacrificial altar of Ru.
  7792 | D:8      | Found a staircase to the Lair.
  7988 | D:8      | Reached skill level 10 in Axes
  7988 | D:8      | Reached skill level 10 in Invocations
  8086 | Lair:1   | Entered Level 1 of the Lair of Beasts
  8086 | Lair:1   | Noticed a torpor snail
  8089 | Lair:1   | Noticed a cane toad
  8090 | Lair:1   | Noticed a cane toad
  9364 | D:9      | Paralysed by a hornet for 2 turns
  9633 | D:8      | Killed a torpor snail
  9662 | Lair:1   | Noticed a cane toad
  9666 | Lair:1   | Killed a cane toad
  9695 | Lair:1   | Noticed a torpor snail
  9719 | Lair:1   | Gained mutation: Your system is resistant to poisons.
                  | (rPois) [potion of mutation]
  9719 | Lair:1   | Gained mutation: You passively dampen the noise of your
                  | surroundings. [potion of mutation]
  9719 | Lair:1   | Gained mutation: You are covered in fur. (AC +1) [potion of
                  | mutation]
  9719 | Lair:1   | Gained mutation: Your muscles are strong. (Str +4, Int/Dex
                  | -1) [potion of mutation]
  9730 | Lair:1   | Reached skill level 11 in Invocations
  9747 | Lair:1   | Reached skill level 10 in Fighting
  9747 | Lair:1   | Reached XP level 11. HP: 22/99 MP: 19/19
  9751 | Lair:1   | Slain by a torpor snail

Illustrated notes

Levels and vault maps discovered:
D:1:      onia_arrival_handbag, layout_loops_cross, amethyst_killhole
D:2:      minmay_thinvault, layout_loops_ring
D:3:      layout_loops_ring, serial_shops, nicolae_book_shop_shelving,
          shapermc_ecumenical_altar_hornbeckon, ebering_ghost_rock_garden,
          nicolae_figureground_pulse
D:4:      layout_cave_pods, nicolae_overflow_hidden_temple,
          kennysheep_little_box, serial_park, serial_park_tiny_pond,
          serial_park_square1 [serial_park_minivault_5x5_2],
          serial_park_avenue1, serial_park_square1
          [serial_park_minivault_5x5_6], serial_park_tiny_2, uniq_menkaure
D:5:      layout_basic, uniq_eustachio, uniq_grinder
D:6:      layout_gridville, uniq_pikel, uniq_jeremiah, uniq_sigmund
D:7:      layout_gridville, minmay_temple_entry_poolview, nicolae_alphabet_shops
D:8:      layout_cave_pods, grunt_temple_overflow_open, erik_lair_island,
          serial_shops, nicolae_shop_tiny_waterfront
D:9:      layout_long_grid, st_stairs_11
Temple:   nicolae_temple_superstar
Lair:1:   layout_gridlike, nzn_ghost_randoct, basic_altar

Skill      XL: |  1  2  3  4  5  6  7  8  9 10 |
---------------+-------------------------------+-----
Invocations    | 1 2 3 4 6 7 9 11 | 11.0
Axes           | 4 5 7 9 10 | 10.8
Fighting       | 4 5 6 7 8 10 | 10.0
Dodging        | 3 4 5 6 |  6.9

Action                     |  1- 3 |  4- 6 |  7- 9 | 10-12 || total
---------------------------+-------+-------+-------+-------++-------
  Melee: Hand axe          |    15 |       |       |       ||    15
         Mace              |    15 |    30 |       |       ||    45
         Battleaxe         |    69 |       |       |       ||    69
         Spear             |       |   136 |   247 |   134 ||   517
         Broad axe         |       |       |     9 |    88 ||    97
  Evoke: Wand              |       |     2 |    12 |    26 ||    40
    Use: Potion            |     2 |       |     3 |     6 ||    11
         Scroll            |       |     8 |     6 |     4 ||    18
   Stab: Sleeping          |     2 |       |       |       ||     2
 Armour: Robe              |    98 |    96 |       |       ||   194
         Scale mail        |       |     2 |   138 |       ||   140
         Ring mail         |       |       |    84 |   197 ||   281
         Skin              |       |       |       |    29 ||    29
  Dodge: Dodged            |    81 |   126 |   164 |   176 ||   547

Table legend: (Time is in decaauts)
 A = Elapsed time spent in this place.
 B = Non-inter-level travel time spent in this place.
 C = Inter-level travel time spent in this place.
 D = Time resting spent in this place.
 E = Time spent auto-exploring this place.
 F = Levels seen in this place.
 G = Mean time per level.
                   A        B        C        D        E       F      G
               +--------+--------+--------+--------+--------+-----+--------+
         Total |   9873 |   9378 |    495 |   2268 |   4585 |  11 |  897.5 |
       Dungeon |   9731 |   9237 |    494 |   2247 |   4585 |   9 | 1081.2 |
        Temple |      1 |      0 |      1 |      0 |      0 |   1 |    1.0 |
          Lair |    139 |    139 |      0 |     21 |      0 |   1 |  139.0 |
               +--------+--------+--------+--------+--------+-----+--------+

Top non-repeatable levels by time:
     D:8: 2106 daAuts
     D:7: 1708 daAuts
     D:2: 1511 daAuts
     D:4: 998 daAuts
     D:5: 915 daAuts
     D:1: 775 daAuts
     D:3: 704 daAuts
     D:6: 598 daAuts
     D:9: 412 daAuts
  Lair:1: 139 daAuts
  Temple: 1 daAuts
